 Dungeon Crawl Stone Soup version 0.24.0-13-gcf9b319 (webtiles) character file.

Game seed: 17729702980077489953, levelgen mode: deterministic

86 Bronimir the Firebug (level 4, -1/39 HPs)
             Began as an Ogre Fire Elementalist on Mar 30, 2020.
             Slain by a gnoll
             ... wielding a +0 flail
              (7 damage)
             ... on level 2 of the Dungeon.
             The game lasted 00:05:00 (2860 turns).

Bronimir the Firebug (Ogre Fire Elementalist)       Turns: 2860, Time: 00:05:01

Health: -1/39      AC:  3    Str: 13    XL:     4   Next: 50%
Magic:  0/8        EV: 10    Int: 16    God:
Gold:   97         SH:  0    Dex:  9    Spells: 3/9 levels left

rFire    . . .     SeeInvis .   d - +0 whip
rCold    . . .     Gourm    .   (no shield)
rNeg     . . .     Faith    .   a - +0 robe
rPois    .         Spirit   .   (helmet restricted)
rElec    .         Reflect  .   (no cloak)
rCorr    .         Harm     .   (gloves unavailable)
MR       .....                  (boots unavailable)
Stlth    +.........             (no amulet)
HPRegen  0.13/turn              (no ring)
MPRegen  0.11/turn              (no ring)

@: very slightly contaminated
A: large, unfitting armour, tough skin 1
a: no special abilities


You were on level 2 of the Dungeon.
You were hungry.

You visited 1 branch of the dungeon, and saw 3 of its levels.

You collected 97 gold pieces.

Inventory:

Hand Weapons
 d - a +0 whip (weapon)
Missiles
 b - 59 arrows
 e - 138 stones (quivered)
 f - 42 bolts
 i - 18 poisoned darts
 j - 23 sling bullets
Armour
 a - a +0 robe (worn)
Jewellery
 h - an uncursed ring of ice {unknown}
Wands
 p - a wand of enslavement (6)
Scrolls
 k - a scroll of remove curse {unknown}
 m - a scroll of amnesia {unknown}
 o - 5 scrolls of teleportation {unknown}
Potions
 g - a potion of resistance {unknown}
Comestibles
 c - 4 rations


   Skills:
 + Level 0.1 Fighting
 + Level 0.5 Maces & Flails
 + Level 0.5 Throwing
 + Level 2.0 Dodging
 - Level 1.4 Stealth
 * Level 3.0 Spellcasting
 * Level 1.6 Conjurations
 * Level 3.7 Fire Magic


You had 3 spell levels left.
You knew the following spells:

 Your Spells              Type           Power        Failure   Level  Hunger
a - Flame Tongue          Conj/Fire      ##...        6%          1    #......
b - Throw Flame           Conj/Fire      ##....       10%         2    ##.....
c - Conjure Flame         Conj/Fire      ##......     19%         3    ###....

Your spell library contained the following spells:

 Spells                   Type           Power        Failure   Level  Hunger
 Inner Flame              Hex/Fire       #.......     26%         3    ###....
 Sticky Flame             Conj/Fire      ##......     52%         4    #####..
 Fireball                 Conj/Fire      ##........   86%         5    ######.


Dungeon Overview and Level Annotations

Branches:
Dungeon (3/15)

Altars:


Innate Abilities, Weirdness & Mutations

You are too large for most types of armour.
You have tough skin. (AC +1)


Message History

The flame tongue hits the gnoll.
The gnoll is severely wounded.
The gnoll hits you with a +0 flail!
* * * LOW HITPOINT WARNING * * *
Casting: Flame Tongue (safe; 6% risk of failure)
Confirm with . or Enter, or press ? or * to list all spells.
Aiming: Flame Tongue (safe; 6% risk of failure)
Press: ? - help, Shift-Dir - straight line, f/p - gnoll
Aim: a gnoll, wielding a +0 flail (severely wounded)
You miscast Flame Tongue.
You are very lightly contaminated with residual magic.
Nothing appears to happen.
The gnoll hits you but does no damage.
Casting: Flame Tongue (safe; 6% risk of failure)
Confirm with . or Enter, or press ? or * to list all spells.
You don't have enough magic to cast that spell.
Unknown command.
You hit the gnoll.
The gnoll is severely wounded.
The gnoll hits you with a +0 flail!
You die...

#............# #####
#.#.#####..### ....#
#.#........# ###.#
#.#.####...# #.# #.#.#
#..<# #.# ##.######..###
#.# ##............#
###.######...#########.##
..............>g@.......#
##########.....####....##
##...................<..#
.........#......####.#.##
##.####..#..............#
.######..#.......###...##
...##...................#
#...###..........###.#.##
##...#...#...........#.#


You could see a gnoll.

Vanquished Creatures
  2 gnolls
  4 dart slugs
  A leopard gecko (D:1)
  2 giant cockroaches
  7 hobgoblins
  11 jackals
  A quokka (D:2)
  2 ball pythons
  5 bats
  2 frilled lizards (D:1)
  7 goblins
  5 kobolds (D:1)
  A rat (D:1)
50 creatures vanquished.

Notes
Turn   | Place    | Note
-------+----------+-------------------------------------------
     0 | D:1      | Bronimir the Ogre Fire Elementalist began the quest for the
                  | Orb.
     0 | D:1      | Reached XP level 1. HP: 16/16 MP: 3/3
   228 | D:1      | Reached skill level 1 in Conjurations
   302 | D:1      | Reached XP level 2. HP: 24/24 MP: 5/5
   791 | D:1      | Learned a level 2 spell: Throw Flame
  1154 | D:1      | Reached XP level 3. HP: 27/31 MP: 2/6
  2464 | D:3      | Reached XP level 4. HP: 39/39 MP: 6/8
  2794 | D:3      | Learned a level 3 spell: Conjure Flame
  2826 | D:3      | Noticed an ogre
  2860 | D:2      | Slain by a gnoll

Levels and vault maps discovered:
D:1:      lemuel_arrival_lava_pool, layout_loops_ring, minmay_door_square
D:2:      layout_basic, serial_rivers, chequers_serial_rivers_room_b,
          chequers_serial_rivers_micro_a, chequers_serial_rivers_small_3,
          chequers_serial_rivers_room_a, minmay_puff
D:3:      kennysheep_big_flooded_room, layout_loops_ring,
          minmay_misc_feat_rugged, serial_bayou_pond_c, uniq_grinder

Skill      XL: |  1  2  3  4 |
---------------+-------------+-----
Conjurations   | 1 |  1.6
Fire Magic     | 3 |  3.7
Dodging        | 2 |  2.0
Spellcasting   | 3 |  3.0
Fighting       | |  0.1
Maces & Flails | |  0.5
Throwing       | |  0.5
Stealth        | |  1.4

Action                   |  1- 3 |  4- 6 || total
-------------------------+-------+-------++-------
Melee: Whip              |    42 |    53 ||    95
Throw: Dart              |    13 |       ||    13
       Large rock        |     7 |     3 ||    10
       Stone             |     3 |       ||     3
 Cast: Flame Tongue      |    59 |    16 ||    75
  Eat: Chunk             |     5 |     1 ||     6
Armor: Robe              |    29 |    25 ||    54
Dodge: Dodged            |    48 |    48 ||    96
